 Dungeon Crawl Stone Soup version 0.23.0-3-gf3c87f2df8 (webtiles) character file.

Game seed: 14467251722001884035

673 Revguard the Cleaver (level 7, -2/54 HPs)
             Began as a Hill Orc Monk on Feb 23, 2019.
             Was a Follower of Beogh.
             Killed from afar by Dowan (10 damage)
             ... with a shard of ice
             ... on level 5 of the Dungeon.
             The game lasted 00:13:18 (3965 turns).

Revguard the Cleaver (Hill Orc Monk)                Turns: 3965, Time: 00:13:19

Health: -2/54      AC: 11    Str: 16    XL:     7   Next: 59%
Magic:  3/8        EV: 17    Int: 12    God:    Beogh [*.....]
Gold:   205        SH:  0    Dex: 22    Spells: 6/6 levels left

rFire    . . .     SeeInvis .   a - +0 hand axe
rCold    . . .     Gourm    .   (no shield)
rNeg     . . .     Faith    .   i - +3 scale mail
rPois    .         Spirit   .   (no helmet)
rElec    .         Reflect  .   (no cloak)
rCorr    .         Harm     .   (no gloves)
MR       .....                  v - +0 pair of boots
Stlth    ++........             (no amulet)
HPRegen  0.18/turn              r - +2 ring of intelligence
MPRegen  0.11/turn              (no ring)

@: agile, very slightly contaminated
A: thin skeletal structure 1, agile 1, frail 1
a: Renounce Religion


You were on level 5 of the Dungeon.
You worshipped Beogh.
Beogh was aware of your devotion.
You were hungry.

You visited 1 branch of the dungeon, and saw 5 of its levels.

You collected 205 gold pieces.

Inventory:

Hand Weapons
 a - a +0 hand axe (weapon)
Armour
 i - a +3 scale mail (worn)
 l - a +3 ring mail
 v - a +0 pair of boots (worn)
Jewellery
 k - an uncursed ring of fire
 p - an uncursed ring of attention
 r - a +2 ring of intelligence (left hand)
Wands
 A - a wand of scattershot (7)
Scrolls
 f - a scroll of remove curse
 j - 2 scrolls of teleportation {unknown}
 m - a scroll of enchant weapon {unknown}
 o - a scroll of fear {unknown}
 u - a scroll of noise {unknown}
 w - a scroll of fog {unknown}
 x - a scroll of blinking {unknown}
 y - a scroll of enchant armour {unknown}
 z - a scroll of identify
Potions
 g - 3 potions of might
 h - 6 potions of lignification
 s - a potion of flight
 t - 2 potions of brilliance
Comestibles
 c - 3 rations


   Skills:
 + Level 5.2 Fighting
 + Level 8.0 Axes
 + Level 3.4 Armour
 + Level 3.6 Dodging
 - Level 1.5 Stealth
 * Level 2.0 Invocations


You had 6 spell levels left.
You didn't know any spells.
Your spell library contained the following spells:

 Spells                   Type           Power        Failure   Level  Hunger
 Magic Dart               Conj           #...         75%         1    ##.....
 Searing Ray              Conj           #.....       86%         2    ###....
 Dazzling Spray           Conj/Hex       #.....       98%         3    ####...
 Force Lance              Conj/Tloc      #.......     100%        4    #####..
 Fulminant Prism          Conj/Hex       #.........   100%        4    #####..
 Iskenderun's Mystic Bla  Conj           #.......     100%        4    #####..


Dungeon Overview and Level Annotations

Branches:
Dungeon (5/15)
 Temple: D:4-7

Altars:
Sif Muna

Annotations:
D:5 Dowan


Innate Abilities, Weirdness & Mutations

You have a somewhat thin skeletal structure. (Dex +2, Stealth)
You are agile. (Dex +2)
You are frail. (-10% HP)


Message History

Dowan seems to find hidden reserves of power!
Your Axes skill increases to level 8!
Your Invocations skill increases to level 2!
Dowan closely misses you.
You hit Dowan but do no damage.
Dowan points at you and mumbles some strange words.
The stone arrow hits you!
* * * LOW HITPOINT WARNING * * *
You feel better. Dowan closely misses you.
Okay, then.
You closely miss Dowan. Dowan closely misses you. Dowan barely misses you.
You barely miss Dowan. Dowan misses you.
You hit Dowan but do no damage. Dowan hits you but does no damage.
You barely miss Dowan. Dowan hits you but does no damage.
You are electrocuted!
* * * LOW HITPOINT WARNING * * *
Dowan barely misses you.
Your scale mail prevents you from hitting Dowan.
Dowan gestures at you while chanting. The shard of ice hits you!
You die...

#........ #........
##........ ## #.........
#.
.#####........#######.
......................
#########.#############.
.......)#†#...........#.
####@#e#.####.####.#.
#..e.#.#....#.#....#.
#.####.####.#.#.####.
#....e......#.#......
#############.#######
......... #########


You could see Dowan.

Vanquished Creatures
  Duvessa (D:5)
  A phantom (D:5)
  A hound (D:5)
  Jessica (D:3)
  Ijyb (D:4)
  A gnoll shaman (D:4)
  An iguana (D:5)
  3 worker ants
  15 gnolls
  4 adders
  2 worms
  5 dart slugs
  5 leopard geckos
  5 orcs (D:3)
  3 giant cockroaches
  9 goblins
  7 hobgoblins
  7 kobolds
  A quokka (D:3)
  3 ball pythons
  7 bats
  3 frilled lizards
  5 rats
91 creatures vanquished.

Notes
Turn   | Place    | Note
-------+----------+-------------------------------------------
     0 | D:1      | Revguard the Hill Orc Monk began the quest for the Orb.
     0 | D:1      | Reached XP level 1. HP: 19/19 MP: 1/1
    40 | D:1      | Reached XP level 2. HP: 19/27 MP: 2/2
   483 | D:1      | Reached XP level 3. HP: 33/33 MP: 3/3
  1187 | D:2      | Reached skill level 5 in Axes
  1253 | D:2      | Reached XP level 4. HP: 35/40 MP: 4/4
  1395 | D:2      | Gained mutation: You are frail. (-10% HP) [potion of
                  | mutation]
  1395 | D:2      | Gained mutation: You are agile. (Dex +2) [potion of
                  | mutation]
  1395 | D:2      | Gained mutation: You have a somewhat thin skeletal
                  | structure. (Dex +2, Stealth) [potion of mutation]
  1585 | D:3      | Noticed Jessica
  1592 | D:3      | Killed Jessica
  1592 | D:3      | Reached skill level 1 in Armour
  1742 | D:3      | Reached XP level 5. HP: 42/42 MP: 5/5
  1775 | D:3      | Reached skill level 6 in Axes
  2189 | D:4      | Reached XP level 6. HP: 17/47 MP: 6/6
  2884 | D:4      | Reached skill level 7 in Axes
  3035 | D:4      | Noticed Ijyb
  3082 | D:4      | Killed Ijyb
  3381 | D:4      | Found a deep blue altar of Sif Muna.
  3532 | D:4      | Reached skill level 5 in Fighting
  3588 | D:5      | Entered Level 5 of the Dungeon
  3589 | D:5      | Became a worshipper of Beogh the Brigand
  3589 | D:5      | Reached * piety under Beogh
  3589 | D:5      | Reached ** piety under Beogh
  3635 | D:5      | Noticed a phantom
  3647 | D:5      | Reached XP level 7. HP: 25/54 MP: 7/7
  3720 | D:5      | Reached skill level 1 in Invocations
  3919 | D:5      | Noticed Dowan
  3921 | D:5      | Noticed Duvessa
  3958 | D:5      | Killed Duvessa
  3958 | D:5      | Reached skill level 8 in Axes
  3965 | D:5      | Killed from afar by Dowan

Skill      XL: |  1  2  3  4  5  6  7 |
---------------+----------------------+-----
Fighting       | 4 5 |  5.2
Axes           | 5 6 7 8 |  8.0
Armour         | 1 2 3 |  3.4
Dodging        | 3 |  3.6
Invocations    | 2 |  2.0
Stealth        | |  1.5

Action                   |  1- 3 |  4- 6 |  7- 9 || total
-------------------------+-------+-------+-------++-------
Melee: Hand axe          |   141 |   258 |    47 ||   446
Invok: Convert to Beogh  |       |     1 |       ||     1
       Smiting           |       |       |     2 ||     2
  Use: Scroll            |       |    11 |       ||    11
       Potion            |       |     3 |     5 ||     8
  Eat: Chunk             |     1 |     4 |     1 ||     6
       Ration            |       |     1 |       ||     1
Armor: Robe              |     3 |       |       ||     3
       Ring mail         |    55 |    30 |       ||    85
       Scale mail        |       |    75 |    13 ||    88
       Skin              |       |     4 |       ||     4
Dodge: Dodged            |   105 |   162 |    30 ||   297
